 Dungeon Crawl Stone Soup version 0.28-a0-1206-g193881aaa2 (webtiles) character file.

Game seed: 3059165196585396696

149 camkasady the Slasher (level 5, -2/37 (39) HPs)
             Began as a Human Gladiator on Dec 19, 2021.
             Was a Plaything of Xom.
             Slain by a gnoll (4 damage)
             ... on level 4 of the Dungeon on Dec 20, 2021.
             The game lasted 00:13:46 (2038 turns).

camkasady the Slasher (Human Gladiator)             Turns: 2038, Time: 00:13:48

HP:   -2/37 (39)    AC:  4    Str: 17    XL:     5   Next: 57%
MP:   5/6           EV: 12    Int: 10    God:    Xom [.*....]
Gold: 103           SH:  0    Dex: 14    Spells: 5/6 levels left

rFire   . . .      SeeInvis .   a - +0 long sword
rCold   . . .      Faith    +   (no shield)
rNeg    . . .      Spirit   .   b - +0 leather armour
rPois   .          Reflect  .   c - +0 helmet
rElec   .          Harm     .   (no cloak)
rCorr   .          Rampage  .   (no gloves)
Will    .....                   (no boots)
Stlth   +.........              q - amulet of faith
HPRegen 0.12/turn               (no ring)
MPRegen 0.10/turn               (no ring)

@: drained
A: talons 1, strong 1, wild magic 1
a: Renounce Religion


You were on level 4 of the Dungeon.
You worshipped Xom.
You were a plaything of Xom.
You visited 1 branch of the dungeon, and saw 4 of its levels.

You collected 103 gold pieces.

Inventory:

Hand Weapons
 a - a +0 long sword (weapon)
Missiles
 d - 3 throwing nets (quivered)
Armour
 b - a +0 leather armour (worn)
 c - a +0 helmet (worn)
 e - a +0 ring mail
 p - a +0 robe
Jewellery
 q - an amulet of faith (around neck)
Scrolls
 f - 2 scrolls of identify {unknown}
 g - a scroll of teleportation {unknown}
 h - a scroll of enchant weapon {unknown}
 l - a scroll of noise {unknown}
Potions
 i - a potion of haste {unknown}
 j - 2 potions of heal wounds {unknown}
 k - a potion of attraction {unknown}
 m - a potion of brilliance {unknown}
 n - a potion of lignification {unknown}
 o - a potion of flight {unknown}


   Skills:
 + Level 2.3 Fighting
 * Level 4.9 Long Blades
 - Level 2.0 Throwing
 - Level 0.8 Armour
 + Level 3.2 Dodging
 - Level 1.2 Spellcasting
 * Level 0.4 Conjurations
 * Level 0.5 Fire Magic


You had 5 spell levels left.
You knew the following spells:

 Your Spells              Type           Power      Damage    Failure   Level
a - Foxfire               Conj/Fire      8%         2x1d4     41%         1

Your spell library contained the following spells:

 Spells                   Type           Power      Damage    Failure   Level
 Summon Small Mammal      Summ           0%         N/A       47%         1
 Call Canine Familiar     Summ           0%         N/A       83%         3
 Portal Projectile        Hex/Tloc       0%         N/A       83%         3
 Summon Guardian Golem    Hex/Summ       0%         N/A       83%         3
 Blade Hands              Tmut           0%         N/A       100%        5
 Excruciating Wounds      Necr           0%         N/A       100%        5


Dungeon Overview and Level Annotations

Branches:
Dungeon (4/15)
 Temple: D:4-7

Altars:
Xom


Innate Abilities, Weirdness & Mutations

You have sharp toenails.
Your muscles are strong. (Str +2)
Your spells are a little harder to cast, but a little more powerful.


Message History

You are frozen.
You hit the endoplasm but do no damage.
The endoplasm is severely wounded.
The endoplasm hits you. The gnoll hits you with a +0 club.
The endoplasm freezes you.
You are frozen.
You hit the endoplasm but do no damage.
The endoplasm is severely wounded. "Have a taste of chaos, mortal."
The gnoll's +0 club erupts in a glittering mayhem of colour.
You are now a plaything of Xom.
The gnoll hits you with a +3 club of chaos!
You feel drained. The endoplasm freezes you.
You are frozen.
Casting: Foxfire (safe; 41% risk of failure)
Confirm with . or Enter, or press ? or * to list all spells.
You conjure some foxfire!
The gnoll misses you. The endoplasm barely misses you.
You hit the gnoll. You claw the gnoll, but do no damage.
The gnoll is lightly wounded.
The foxfire hits the gnoll.
The gnoll is moderately wounded.
The foxfire hits the gnoll but does no damage.
The gnoll is moderately wounded.
The endoplasm barely misses you. The gnoll barely misses you.
You hit the gnoll but do no damage.
The gnoll is moderately wounded.
The endoplasm closely misses you.
The gnoll hits you with a +3 club of chaos.
* * * LOW HITPOINT WARNING * * *
The gnoll freezes you.
* * * LOW HITPOINT WARNING * * *
You barely miss the gnoll. Your kick misses the gnoll.
The gnoll is moderately wounded.
The endoplasm hits you but does no damage.
The gnoll hits you with a +3 club of chaos!
* * * LOW HITPOINT WARNING * * *
The gnoll burns you.
You die...

####
##...#
##.....##
#...$..J#
#.....g@#
#.......#
##.....##
##!..#
##+#


You could see a gnoll and an endoplasm.

Vanquished Creatures
  Jessica (D:3)
  Natasha (D:3)
  4 adders (D:2)
  2 worms (D:2)
  An orc (D:3)
  8 ball pythons (D:2)
  4 endoplasms
  A giant cockroach (D:2)
  6 goblins
  3 hobgoblins
  8 jackals
  3 kobolds
  2 quokkas
  2 bats
  6 frilled lizards
  5 rats
57 creatures vanquished.

Vanquished Creatures (others)
  7 foxfires
7 creatures vanquished.

Grand Total: 64 creatures vanquished

Notes
Turn   | Place    | Note
-------+----------+-------------------------------------------
     0 | D:1      | camkasady the Human Gladiator began the quest for the Orb.
     0 | D:1      | Reached XP level 1. HP: 16/16 MP: 1/1
    34 | D:1      | Reached XP level 2. HP: 12/22 MP: 2/2
   308 | D:2      | Reached XP level 3. HP: 15/27 MP: 3/3
   508 | D:2      | Reached skill level 4 in Long Blades
   661 | D:2      | Reached XP level 4. HP: 21/33 MP: 4/4
  1425 | D:3      | Found a faded altar of an unknown god.
  1434 | D:3      | Got Plato's Tome of Arcane Weapons
  1438 | D:3      | Learned a level 1 spell: Foxfire
  1441 | D:3      | Prayed at the altar of an unknown god.
  1441 | D:3      | Became a worshipper of Xom of Fickle Intent
  1451 | D:3      | Noticed Jessica
  1464 | D:3      | Killed Jessica
  1465 | D:3      | Reached skill level 1 in Spellcasting
  1465 | D:3      | Reached XP level 5. HP: 13/39 MP: 4/6
  1470 | D:3      | Upgraded the game from 0.28-a0-1199-gef9e1dbd39 to
                  | 0.28-a0-1206-g193881aaa2
  1676 | D:3      | XOM: silly message
  1720 | D:3      | Noticed Natasha
  1721 | D:3      | XOM: fog
  1733 | D:3      | Killed Natasha
  1915 | D:3      | XOM: 1-stop teleportation journey
  1919 | D:3      | XOM: give mutations
  1919 | D:3      | Gained mutation: Your spells are a little harder to cast,
                  | but a little more powerful. [Xom's mischief]
  1919 | D:3      | Gained mutation: You have sharp toenails. [Xom's mischief]
  1919 | D:3      | Gained mutation: Your muscles are strong. (Str +2) [Xom's
                  | mischief]
  2031 | D:4      | XOM: 1-stop teleportation journey
  2034 | D:4      | XOM: chaos upgrade
  2038 | D:4      | Slain by a gnoll

Illustrated notes

Levels and vault maps discovered:
D:1:      dpeg_arrival_refuge, layout_rooms
D:2:      layout_rooms, minmay_small_reverse_x
D:3:      layout_loops_ring, shapermc_ecumenical_altar_rom_forum, uniq_natasha,
          uniq_jessica
D:4:      kennysheep_six_static_rooms, layout_basic,
          minmay_temple_entry_junction, uniq_edmund

Skill      XL: |  1  2  3  4 |
---------------+-------------+-----
Long Blades    | 4 |  4.9
Spellcasting   | 1 |  1.2
Fighting       | |  2.3
Throwing       | |  2.0
Armour         | |  0.8
Dodging        | |  3.2
Conjurations   | |  0.4
Fire Magic     | |  0.5

Action                   |  1- 3 |  4- 6 || total
-------------------------+-------+-------++-------
Melee: Long sword        |    82 |    96 ||   178
       Kick              |       |     4 ||     4
 Cast: Foxfire           |       |     5 ||     5
 Stab: Sleeping          |       |     1 ||     1
Armor: Leather armour    |    25 |    25 ||    50
Dodge: Dodged            |    78 |    73 ||   151

Table legend: (Time is in decaauts)
 A = Elapsed time spent in this place.
 B = Non-inter-level travel time spent in this place.
 C = Inter-level travel time spent in this place.
 D = Time resting spent in this place.
 E = Time spent auto-exploring this place.
 F = Levels seen in this place.
 G = Mean time per level.
                   A        B        C        D        E       F      G
               +--------+--------+--------+--------+--------+-----+--------+
         Total |   2077 |   1667 |    410 |   1209 |      0 |   4 |  519.2 |
       Dungeon |   2077 |   1667 |    410 |   1209 |      0 |   4 |  519.2 |
               +--------+--------+--------+--------+--------+-----+--------+

Top non-repeatable levels by time:
     D:2: 1267 daAuts
     D:3: 694 daAuts
     D:1: 70 daAuts
     D:4: 45 daAuts
